 Dungeon Crawl Stone Soup version 0.18.1-48-g4cf74bf (webtiles) character file.

261 Heedrag the Covert (level 6, -2/35 HPs)
             Began as a Kobold Assassin on Aug 4, 2016.
             Slain by a worker ant (5 damage)
             ... on level 4 of the Dungeon.
             The game lasted 00:05:10 (2004 turns).

Heedrag the Covert (Kobold Assassin)                Turns: 2004, Time: 00:05:12

Health: -2/35      AC:  3    Str: 10 (11) XL:     6   Next: 41%
Magic:  6/6        EV: 14    Int:  9 (10) God:
Gold:   150        SH:  0    Dex: 16 (17) Spells: 0 memorised, 5 levels left

rFire  . . .     SeeInvis .     a - +2 dagger
rCold  . . .     Gourm    .     c - +0 robe
rNeg   . . .     Faith    .     (shield restricted)
rPois  .         Spirit   .     (no helmet)
rElec  .         Dismiss  .     d - +0 cloak
rCorr  .         Reflect  .     (no gloves)
SustAt +         Harm     .     (no boots)
MR     .....                    y - amulet of magic regeneration
Stlth  ++++......               (no ring)
                                v - ring of sustain attributes

@: lethally poisoned (-2 -> -14), not resistant to hostile enchantments,
stealthy
A: carnivore 3
a: no special abilities


You were on level 4 of the Dungeon.
You were completely stuffed.

You visited 1 branch of the dungeon, and saw 4 of its levels.

You collected 150 gold pieces.

Inventory:

Hand Weapons
 a - a +2 dagger (weapon)
 b - a +0 blowgun
 C - a +0 dagger of draining
Missiles
 e - 51 poisoned needles
 f - 2 curare-tipped needles
Armour
 c - a +0 robe (worn)
 d - a +0 cloak (worn)
 E - a +0 shield
Jewellery
 v - a ring of sustain attributes (left hand)
 y - an amulet of magic regeneration (around neck)
Scrolls
 h - a scroll of noise {unknown}
 i - a scroll of amnesia {unknown}
 j - 2 scrolls of blinking {unknown}
 l - a scroll of random uselessness {unknown}
 o - 3 scrolls of teleportation {unknown}
 q - 6 scrolls of identify {unknown}
 s - 6 scrolls of magic mapping {unknown}
Potions
 k - a potion of heal wounds {unknown}
 m - a potion of degeneration
 p - a potion of flight {unknown}
 r - a potion of curing {unknown}
 t - a potion of berserk rage {unknown}
 u - 2 potions of cure mutation
 w - a potion of mutation {unknown}
 A - a potion of ambrosia {unknown}
Books
 D - a book of Changes

   Spells                             Type                      Level
   a - Beastly Appendage              Transmutation                1
   b - Sticks to Snakes               Transmutation                2
   c - Spider Form                    Transmutation/Poison         3
   d - Ice Form                       Ice/Transmutation            4
   e - Blade Hands                    Transmutation                5
Comestibles
 g - 4 meat rations
 n - 2 bread rations
 x - 2 chunks of flesh
 z - a royal jelly
 B - a slice of pizza
 F - 5 fruits


   Skills:
 - Level 2.1 Fighting
 + Level 4.9 Short Blades
 + Level 3.4 Throwing
 - Level 1.2 Dodging
 * Level 8.3 Stealth


You had 5 spell levels left.
You didn't know any spells.

Dungeon Overview and Level Annotations

Branches:
Dungeon (4/15)
 Temple: D:4-7

Altars:
Fedhas
Pakellas
Ru
Xom

Annotations:
D:4 ThereIsNoGod's ghost, amateur MiGl


Innate Abilities, Weirdness & Mutations

You are small and have problems with some larger weapons.
You are carnivorous and can eat meat at any time.


Message History

Ye barely miss tha worker ant.
Tha worker ant be heavily wounded.
* * * LOW HITPOINT WARNIN'
* * * Ye feel sick.
Tha worker ant bites ye but does nay damage.
Ye hit tha worker ant.
Tha worker ant be severely wounded.
Tha worker ant barely misses ye.
Ye closely miss tha worker ant.
Tha worker ant be severely wounded.
* * * LOW HITPOINT WARNIN'
* * * Ye feel sick.
Tha worker ant bites ye.
* * * LOW HITPOINT WARNIN'
* * * Ye be more poison'd.
Tha worker ant poisons ye!
Drink which item? (? fer menu, 'sc ta quit) It was a potion o' cure mutation.
It has a very clean taste.
* * * LOW HITPOINT WARNIN'
* * * Ye feel sick.
Tha worker ant bites ye.
Ye die...

###.................#.#
.#..............##...#.##
............###.####..#.#
#####.....### #.# #..###
##....## #.# ##.#
##....W## #.### #.. #
##.......#####.... #..#
##.###........#........
#..#
#............Wa@#...#
#### #.........###...#
##........# ##..
##......####..#
###...†.###...#
#.............#
#...###.........#######
#### ##..............#
##......###...##


You could see a worker ant and ThereIsNoGod's ghost.

Vanquished Creatures
  A scorpion (D:4)
  A centaur skeleton (D:4)
  An iguana (D:4)
  2 orc wizards (D:4)
  A worker ant (D:4)
  2 adders
  3 worms
  3 giant geckos
  3 orcs (D:4)
  2 giant cockroaches
  4 hobgoblins
  2 jackals (D:3)
  8 kobolds
  3 quokkas
  6 bats
  3 giant newts
  5 goblins
  6 rats
56 creatures vanquished.

Notes
Turn   | Place    | Note
--------------------------------------------------------------
     0 | D:1      | Heedrag the Kobold Assassin began the quest for the Orb.
     0 | D:1      | Reached XP level 1. HP: 12/12 MP: 1/1
   129 | D:1      | Reached XP level 2. HP: 17/17 MP: 2/2
   603 | D:2      | Reached skill level 6 in Stealth
   603 | D:2      | Reached XP level 3. HP: 21/21 MP: 3/3
   665 | D:2      | Found a blossoming altar of Fedhas.
   862 | D:2      | Found an oddly glowing altar of Pakellas.
   863 | D:2      | Found a sacrificial altar of Ru.
   943 | D:2      | Found a shimmering altar of Xom.
  1170 | D:3      | Reached XP level 4. HP: 26/26 MP: 4/4
  1486 | D:4      | Reached skill level 7 in Stealth
  1595 | D:4      | Reached XP level 5. HP: 30/30 MP: 5/5
  1675 | D:4      | Reached XP level 6. HP: 35/35 MP: 6/6
  1830 | D:4      | Reached skill level 8 in Stealth
  1964 | D:4      | Noticed ThereIsNoGod's ghost (amateur MiGl)
  2004 | D:4      | Slain by a worker ant

Skill      XL: |  1  2  3  4  5  6 |
---------------+-------------------+-----
Short Blades   | 3 4 |  4.9
Stealth        | 6 7 8 |  8.3
Throwing       | 3 |  3.4
Fighting       | |  2.1
Dodging        | |  1.2

Action                   |  1- 3 |  4- 6 || total
-------------------------+-------+-------++-------
Melee: Dagger            |    62 |    44 ||   106
 Fire: Blowgun           |     7 |    14 ||    21
  Use: Potion            |       |     2 ||     2
 Stab: Sleeping          |    14 |    10 ||    24
       Distracted        |     1 |       ||     1
  Eat: Chunk             |     9 |     3 ||    12
Armor: Robe              |    16 |     4 ||    20
Dodge: Dodged            |    31 |    24 ||    55
